 Dungeon Crawl Stone Soup version 0.30.1-3-gfc49f6343a (webtiles) character file.

Game seed: 16162657470195398819

230 marky1606 the Ruffian (level 5, -1/41 HPs)
             Began as a Demonspawn Fighter on July 24, 2023.
             Killed by divine providence
             ... invoked by an orc priest
              (8 damage)
             ... on level 3 of the Dungeon.
             The game lasted 00:06:56 (2954 turns).

marky1606 the Ruffian (Demonspawn Fighter)          Turns: 2954, Time: 00:06:57

Health: -1/41      AC:  7    Str: 19    XL:     5   Next: 72%
Magic:  5/5        EV:  9    Int:  9    God:
Gold:   88         SH:  8    Dex: 12    Spells: 4/4 levels left

rFire   . .          .
                       - Unarmed
rCold   + . .        b - +0 buckler
rNeg    . . .        a - +0 scale mail
rPois   .            (no helmet)
rElec   .            (no cloak)
rCorr   .            (no gloves)
SInv    .            (no boots)
Will    .....        (no amulet) Stlth
                     e - ring of protection from cold
HPRegen 0.26/turn    (no ring)
MPRegen 0.09/turn

%: no passive effects
@: no status effects
A: large bone plates 1, demonic guardian 1, powered by pain 1
a: no special abilities


You were on level 3 of the Dungeon.
You visited 1 branch of the dungeon, and saw 3 of its levels.

You collected 88 gold pieces.

Inventory:

Armour
 a - a +0 scale mail (worn)
 b - a +0 buckler (worn)
Jewellery
 e - a ring of protection from cold (left hand)
Scrolls
 j - a scroll of magic mapping
Potions
 c - a potion of might
 k - a potion of flight


   Skills:
 + Level 3.4 Fighting
 + Level 3.8 Armour
 + Level 3.1 Shields
 * Level 4.2 Unarmed Combat


You had 4 spell levels left.
You didn't know any spells.
Your spell library contained the following spells:

 Spells                   Type           Power      Damage    Failure   Level
 Hailstorm                Conj/Ice       0%         3d3       99%         3
 Ice Form                 Ice/Tmut       0%         N/A       100%        4
 Simulacrum               Ice/Necr       0%         N/A       100%        6


Dungeon Overview and Level Annotations

Branches:
Dungeon (3/15)

Altars:


Innate Abilities, Weirdness & Mutations

You are partially covered in large bone plates. (SH +4)
A weak demonic guardian rushes to your aid.
You sometimes gain a little power by taking damage.


Message History

You block the giant cockroach's attack. The orc hits you but does no damage.
You punch the orc!
You kill the orc!
The giant cockroach bites you but does no damage. x2
You punch the giant cockroach!
You kill the giant cockroach!
An orc comes into view. It is wielding a +0 hand axe.
An orc priest comes into view. It is wielding a +0 short sword.
The orc shouts!
The orc priest shouts!
You see here a giant cockroach corpse.
The orc priest mumbles some strange prayers to Beogh against you.
Beogh smites you!
You barely miss the orc. You hit the orc.
The orc is almost dead.
You block the orc's attack.
You hit the orc.
You kill the orc!
The orc priest calls down the wrath of Beogh upon you.
Beogh smites you!
A demonic guardian appears!
Items here: $ ) ? [.
You hit the orc priest.
The orc priest is heavily wounded.
The orc priest mumbles some strange prayers to Beogh against you.
Beogh smites you!
* * * LOW HITPOINT WARNING * * *
You closely miss the orc priest.
The orc priest is heavily wounded.
A bat comes into view.
The orc priest hits you but does no damage.
Your quasit bites the orc priest.
Your quasit closely misses the orc priest.
Your quasit claws the orc priest but does no damage.
You hit the orc priest.
The orc priest is almost dead.
Your quasit closely misses the orc priest.
Your quasit barely misses the orc priest. x2
The orc priest mumbles some strange prayers to Beogh against you.
Beogh smites you!
You die...

#.....##.#..#
###...........####.
#................>.
................##
.........<.......#.
#.........)........
..........†......##
.................#
#......@..b......#
#.....o5...........
...............###.
.......#####.....
....... ....##
......# ....#
...... .. ......


You could see an orc priest (ally target), a bat and a friendly quasit
(summoned).

Vanquished Creatures
  Terence (D:2)
  Jessica (D:2)
  Natasha (twice) (D:1)
  3 adders
  2 gnolls (D:2)
  2 orcs (D:3)
  7 endoplasms
  2 giant cockroaches
  4 goblins (D:1)
  3 hobgoblins
  3 jackals
  3 kobolds
  5 ball pythons
  3 bats (D:2)
  2 frilled lizards
  2 rats (D:1)
45 creatures vanquished.

Vanquished Creatures (collateral kills)
  Natasha (D:1)
  A gnoll (D:2)
2 creatures vanquished.

Grand Total: 47 creatures vanquished

Notes
Turn   | Place    | Note
-------+----------+-------------------------------------------
     0 | D:1      | marky1606 the Demonspawn Fighter began the quest for the
                  | Orb.
     0 | D:1      | Reached XP level 1. HP: 18/18 MP: 1/1
   169 | D:1      | Reached skill level 2 in Unarmed Combat
   220 | D:1      | Gained mutation: You sometimes gain a little power by
                  | taking damage. [demonic ancestry]
   220 | D:1      | Reached XP level 2. HP: 23/24 MP: 2/2
   897 | D:1      | Gained mutation: A weak demonic guardian rushes to your
                  | aid. [demonic ancestry]
   897 | D:1      | Reached XP level 3. HP: 14/29 MP: 3/3
   991 | D:2      | Noticed Natasha
  1107 | D:1      | HP: 1/29 [Natasha (2)]
  1108 | D:1      | Killed Natasha
  1109 | D:1      | Reached skill level 3 in Unarmed Combat
  1238 | D:2      | Gained mutation: You are partially covered in large bone
                  | plates. (SH +4) [demonic ancestry]
  1238 | D:2      | Reached XP level 4. HP: 21/35 MP: 4/4
  1302 | D:2      | Noticed Jessica
  1313 | D:2      | Killed Jessica
  1863 | D:2      | Reached XP level 5. HP: 30/41 MP: 5/5
  1920 | D:2      | Noticed Terence
  1936 | D:2      | Killed Terence
  2543 | D:1      | Noticed Natasha
  2558 | D:1      | HP: 2/41 [cerulean imp/+2 spear[Natasha] (2)]
  2561 | D:1      | Killed Natasha
  2562 | D:1      | Reached skill level 4 in Unarmed Combat
  2831 | D:1      | Noticed Natasha
  2846 | D:1      | Killed Natasha
  2954 | D:3      | Killed from afar by an orc priest

Illustrated notes

Levels and vault maps discovered:
D:1:      lightli_arrival_flooded_house, layout_loops_ring
D:2:      layout_loops_cross, basic_altar, st_stairs_11,
          dreamdust_mushroom_princess, minmay_stone_trees_small, uniq_jessica,
          uniq_terence, uniq_natasha
D:3:      layout_rooms, lemuel_tele_altar, shapermc_ecumenical_altar_venn

Skill      XL: |  1  2  3  4  5 |
---------------+----------------+-----
Unarmed Combat | 2 3 4 |  4.2
Armour         | 3 |  3.8
Shields        | 3 |  3.1
Fighting       | |  3.4

Action                     |  1- 3 |  4- 6 || total
---------------------------+-------+-------++-------
  Melee: Unarmed           |   144 |   112 ||   256
    Use: Scroll            |     2 |     4 ||     6
         Potion            |     1 |     1 ||     2
 Armour: Scale mail        |    65 |    43 ||   108
  Dodge: Dodged            |    62 |    43 ||   105
  Block: Buckler           |    23 |    49 ||    72
